 Dungeon Crawl Stone Soup version 0.32-a0-131-g9dbbe29261 (webtiles) character file.

Game seed: 9568913733842189870

204 kae the Changeling (level 5, -1/38 HPs)
             Began as a Demonspawn Shapeshifter on Feb 8, 2024.
             Slain by a cerulean imp
             ... wielding a +1 spear
             ... summoned by Natasha
              (4 damage)
             ... on level 3 of the Dungeon.
             The game lasted 00:05:08 (2423 turns).

kae the Changeling (Demonspawn Shapeshifter)        Turns: 2423, Time: 00:05:09

Health: -1/38      AC:  2    Str: 14    XL:     5   Next: 52%
Magic:  0/5        EV: 12    Int: 11    God:
Gold:   47         SH:  0    Dex: 14    Spells: 4/4 levels left

rFire   . .          .
                       - Unarmed
rCold   . . .        (no shield)
rNeg    . . .        a - +0 animal skin
rPois   .            (helmet currently unavailable)
rElec   .            (cloak currently unavailable)
rCorr   .            (gloves currently unavailable)
SInv    +            (boots currently unavailable)
Will    .....        G - amulet of guardian spirit
Stlth   +            L - ring of flight
HPRegen 0.26/turn    v - ring of see invisible
MPRegen 0.09/turn

%: guardian spirit
@: mighty, brilliant, beast-form, flying
A: beast (slay +2), horns 1, sturdy frame 1
a: Begin Untransformation


You were on level 3 of the Dungeon.
You were a hulking beast.
You visited 1 branch of the dungeon, and saw 3 of its levels.

You collected 173 gold pieces.
You spent 126 gold pieces at shops.


Innate Abilities, Weirdness & Mutations

You are a hulking beast.
Your limbs bulge with bestial killing power. (Slay +2)
You have a pair of small horns on your head.
Your movements are slightly less encumbered by armour. (ER -2)


   Skills:
 - Level 2.0 Fighting
 - Level 1.7 Dodging
 + Level 3.8 Unarmed Combat
 * Level 4.4 Shapeshifting


You had 4 spell levels left.
You didn't know any spells.
Your spell library contained the following spells:

 Spells                   Type           Power      Damage    Failure   Level
 Ensorcelled Hibernation  Hex/Ice        0%         N/A       47%         2
 Fugue of the Fallen      Necr           0%         N/A       71%         3
 Tukima's Dance           Hex            0%         N/A       71%         3
 Anguish                  Hex/Necr       0%         N/A       98%         4
 Dimensional Bullseye     Hex/Tloc       0%         N/A       98%         4
 Iskenderun's Mystic Bla  Conj/Tloc      0%         2d3       98%         4

Inventory:

Missiles
 g - 5 stones (quivered)
Armour
 a - a +0 animal skin (worn)
 e - a +0 pair of boots
   (You found it on level 1 of the Dungeon)
Magical Staves
 o - a staff of earth {!a}
   (You found it on level 2 of the Dungeon)
Jewellery
 v - a ring of see invisible (right hand)
   (You found it on level 1 of the Dungeon)
 G - an amulet of guardian spirit (around neck)
   (You found it on level 1 of the Dungeon)
 I - a +6 ring of intelligence
   (You found it on level 2 of the Dungeon)
 L - a ring of flight (left hand)
   (You found it on level 1 of the Dungeon)
 N - a ring of positive energy
   (You found it on level 2 of the Dungeon)
 Z - a ring of wizardry
   (You found it on level 3 of the Dungeon)
Talismans
 c - a beast talisman (active)
 d - a flux talisman
Scrolls
 f - 2 scrolls of teleportation {@r4}
 k - 2 scrolls of identify {@r1}
 l - a scroll of revelation
 r - a scroll of poison {unknown}
Potions
 b - a potion of lignification {!q}
 h - 2 potions of haste {@q3}
 i - a potion of brilliance
 j - 2 potions of attraction {!q}
 n - a potion of mutation {unknown}
 q - a potion of might
 s - a potion of enlightenment {unknown}

Dungeon Overview and Level Annotations

Branches:
Dungeon (3/15) Zot: 15569

Altars:
Vehumet

Shops:
D:2 *!*

Annotations:
D:3 1 runed translucent door, Crazy Yiuf, Grinder, Natasha

...## ##..... #.# #.##
###....##.####
..######.##.........
......##..##......#####
#..........##..........
#..##.##....##..ยง.#
#..##.###....###.##
#........#....##h#
#..#####......##h# #..#
#.##.....5# ...#
#....#..### ...
#.##.#..# #...โ€ #.##
#......####.# ###.####
#.# # ###


You could see Natasha and a cerulean imp (summoned).


Message History

The hound bites you but does no damage.
Natasha mumbles some strange words.
You feel disoriented. Natasha attacks as she pursues you!
Natasha barely misses you.
Unknown command.
Natasha mumbles some strange words.
The hound bites you. ๐Ÿ˜• HP[-4]
You take 4 damage, and now have 34/38 hp.
You barely miss the hound.
Natasha casts a spell.
The hound closely misses you.
You closely miss the hound.
The cerulean imp hits you from afar with a +0 spear.
The hound completely misses you.
Natasha mumbles some strange words. ๐Ÿ˜• HP[-1]
You take 1 damage, and now have 33/38 hp.
You closely miss the hound. The hound bites you. The cerulean imp misses you.
Natasha howls an incantation.
Natasha's front paws start to glow.
The hound closely misses you.
You barely miss the hound.
The cerulean imp hits you but does no damage.
The hound closely misses you.
The cerulean imp closely misses you. ๐Ÿ˜• HP[-1]
You take 1 damage, and now have 32/38 hp.
You completely miss the hound. The hound closely misses you.
The cerulean imp hits you from afar with a +0 spear.
The cerulean imp barely misses you. The hound misses you.
You hit the hound.
The cerulean imp hits you from afar with a +0 spear.
The hound misses you.
The cerulean imp closely misses you. ๐Ÿ˜ฎ HP[-7] MP[-2]
You take 7 damage, and now have 25/38 hp.
You lost 2 mp, and now have 3/5 mp.
You barely miss the hound. You headbutt the hound!
The hound closely misses you. The cerulean imp completely misses you.
The cerulean imp barely misses you. The hound closely misses you.
Unknown command.
You hit the hound.
The cerulean imp hits you from afar with a +0 spear.
The hound bites you.
* * * LOW HITPOINT WARNING * * *
The cerulean imp completely misses you. ๐Ÿ˜จ HP[-7] MP[-1]
You take 7 damage, and now have 18/38 hp.
You lost 1 mp, and now have 2/5 mp.
The hound attacks as it pursues you! The hound bites you.
* * * LOW HITPOINT WARNING * * *
๐Ÿ˜จ HP[-5]
You take 5 damage, and now have 13/38 hp.
Unknown command.
You hit the hound. You headbutt the hound.
You kill the hound! ๐Ÿ˜จ HP[+1]
You hit Natasha. Your headbutt misses Natasha. Natasha claws you.
* * * LOW HITPOINT WARNING * * *
The cerulean imp closely misses you. ๐Ÿ˜ฑ HP[-5] MP[-1]
You take 5 damage, and now have 9/38 hp.
You lost 1 mp, and now have 1/5 mp.
You hit Natasha but do no damage. Natasha claws you but does no damage.
The cerulean imp hits you but does no damage.
Unknown command.
You completely miss Natasha. Your headbutt misses Natasha. Natasha claws you.
* * * LOW HITPOINT WARNING * * *
The cerulean imp barely misses you. ๐Ÿ˜ฑ HP[-3]
You take 3 damage, and now have 6/38 hp.
It was a potion of curing.
You feel better.
The cerulean imp disappears in a puff of smoke!
Natasha mumbles some strange words.
The cerulean imp hits you from afar with a +0 spear.
* * * LOW HITPOINT WARNING * * *
๐Ÿ˜จ HP[+4] MP[-1]
You regained 4 hp, and now have 10/38 hp.
You lost 1 mp, and now have 0/5 mp.
It was a potion of cancellation.
You feel magically purged.
The cerulean imp disappears in a puff of smoke! x2
Natasha claws you.
* * * LOW HITPOINT WARNING * * *
The cerulean imp hits you with a +1 spear.
* * * LOW HITPOINT WARNING * * *
๐Ÿ˜ฑ HP[-4]
You take 4 damage, and now have 6/38 hp.
It was a potion of might.
You feel very mighty all of a sudden. Natasha misses you.
The cerulean imp hits you with a +1 spear.
* * * LOW HITPOINT WARNING * * *
๐Ÿ˜ฑ HP[-3] MP[+1]
You take 3 damage, and now have 3/38 hp.
It was a potion of brilliance.
You feel clever all of a sudden.
Natasha howls an incantation.
Natasha shimmers violently.
Natasha barely misses you.
The cerulean imp hits you with a +1 spear.
You die...

Skill      XL: |  1  2  3  4 |
---------------+-------------+-----
Shapeshifting  | 3 4 |  4.4
Unarmed Combat | 3 |  3.8
Fighting       | 2 |  2.0
Dodging        | |  1.7

Action                     |  1- 3 |  4- 6 || total
---------------------------+-------+-------++-------
  Melee: Unarmed           |   103 |    90 ||   193
         Headbutt          |     6 |    12 ||    18
         Punch             |     1 |     3 ||     4
    Use: Scroll            |     2 |     4 ||     6
         Potion            |       |     4 ||     4
   Stab: Sleeping          |       |     3 ||     3
 Armour: Animal skin       |    57 |    64 ||   121
  Dodge: Dodged            |    51 |    72 ||   123
   Form: Beast             |       |     1 ||     1
         Flux              |       |     1 ||     1

Levels and vault maps discovered:
D:1:      minmay_arrival_jagged, layout_basic, shapermc_ecumenical_altar_venn,
          st_stairs_3
D:2:      layout_basic, serial_shops, shop, nicolae_shop_just_a_little_nook,
          nicolae_shop_pleasant_corner_grove, uniq_robin
D:3:      layout_loops_ring, nicolae_overflow_hidden_temple, hex_tiny,
          nrook_mini_backslash, nicolae_the_louvre, uniq_natasha,
          uniq_crazy_yiuf_cottage, uniq_jessica, uniq_grinder

Notes
Turn   | Place    | Note
-------+----------+-------------------------------------------
     0 | D:1      | kae the Demonspawn Shapeshifter began the quest for the
                  | Orb.
     0 | D:1      | Reached XP level 1. HP: 15/15 MP: 1/1
     0 | D:1      | magus.rc [v1.11.3]
   107 | D:1      | Reached skill level 3 in Shapeshifting
   107 | D:1      | Gained mutation: You have a pair of small horns on your
                  | head. [demonic ancestry]
   107 | D:1      | Reached XP level 2. HP: 15/21 MP: 2/2
   210 | D:1      | Reached skill level 3 in Unarmed Combat
   268 | D:1      | Found a faded altar of an unknown god.
   295 | D:1      | Reached XP level 3. HP: 16/26 MP: 3/3
   320 | D:1      | You pick up a book of Weapons and begin reading...
   320 | D:1      | You add the spells Tukima's Dance, Dimensional Bullseye and
                  | Iskenderun's Mystic Blast to your library.
   791 | D:2      | Noticed Robin
   818 | D:2      | Reached skill level 2 in Fighting
   938 | D:2      | Killed Robin
   939 | D:2      | Reached XP level 4. HP: 33/33 MP: 4/4
  1259 | D:2      | Found Xuvam's Assorted Antiques.
  1269 | D:2      | Bought a bubbling green potion for 21 gold pieces
  1269 | D:2      | Bought a silvery potion for 21 gold pieces
  1269 | D:2      | Bought 2 scrolls labelled ISUNLI GELOANLAA for 48 gold
                  | pieces
  1294 | D:2      | Found Mone's Distillery.
  1377 | D:2      | Found Ytigga Imur's Assorted Antiques.
  1385 | D:2      | Bought an emerald potion for 18 gold pieces
  1385 | D:2      | Bought a murky grey potion for 18 gold pieces
  1489 | D:2      | You pick up a book of Dreams and begin reading...
  1489 | D:2      | You add the spells Ensorcelled Hibernation, Fugue of the
                  | Fallen and Anguish to your library.
  1744 | D:3      | Noticed Jessica
  1747 | D:3      | Killed Jessica
  1748 | D:3      | Reached skill level 4 in Shapeshifting
  1748 | D:3      | Gained mutation: Your movements are slightly less
                  | encumbered by armour. (ER -2) [demonic ancestry]
  1748 | D:3      | Reached XP level 5. HP: 36/38 MP: 3/5
  1755 | D:3      | Noticed Grinder
  1956 | D:3      | Found a radiant altar of Vehumet.
  2213 | D:3      | Found a runed translucent door.
  2214 | D:3      | Noticed Crazy Yiuf
  2364 | D:3      | Noticed Natasha
  2380 | D:3      | Killed Natasha
  2403 | D:3      | Noticed Natasha
  2417 | D:3      | HP: 9/38 [Natasha (5)]
  2422 | D:3      | HP: 3/38 [cerulean imp/+1 spear[Natasha] (3)]
  2423 | D:3      | Slain by a cerulean imp

Vanquished Creatures
  A hound (D:3)
  Jessica (D:3)
  Natasha (D:3)
  Robin (D:2)
  2 adders (D:2)
  A gnoll (D:1)
  A dart slug (D:1)
  A ribbon worm (D:3)
  8 bats
  2 endoplasms (D:1)
  5 giant cockroaches
  7 hobgoblins
  10 jackals
  3 kobolds
  2 quokkas
  4 ball pythons
  3 frilled lizards
  16 goblins
  6 rats
75 creatures vanquished.

Table legend:
 A = Non-vault XP
 B = Vault XP
 C = Vault XP percentage of total XP
 D = Non-vault monster count
 E = Vault monster count
 F = Vault count percentage of total count
                 A         B        C        D         E       F
            +---------+---------+-------+---------+---------+-------
      Total |     178 |     114 |  39.0 |      58 |      17 |  22.7
            +---------+---------+-------+---------+---------+-------
        D:1 |      55 |       4 |   6.8 |      24 |       2 |   7.7
        D:2 |      65 |      37 |  36.3 |      24 |      13 |  35.1
        D:3 |      58 |      73 |  55.7 |      10 |       2 |  16.7
            +---------+---------+-------+---------+---------+-------

Skill      XL: |  1  2  3  4 |
---------------+-------------+-----
Shapeshifting  | 3 4 |  4.4
Unarmed Combat | 3 |  3.8
Fighting       | 2 |  2.0
Dodging        | |  1.7

Action                     |  1- 3 |  4- 6 || total
---------------------------+-------+-------++-------
  Melee: Unarmed           |   103 |    90 ||   193
         Headbutt          |     6 |    12 ||    18
         Punch             |     1 |     3 ||     4
    Use: Scroll            |     2 |     4 ||     6
         Potion            |       |     4 ||     4
   Stab: Sleeping          |       |     3 ||     3
 Armour: Animal skin       |    57 |    64 ||   121
  Dodge: Dodged            |    51 |    72 ||   123
   Form: Beast             |       |     1 ||     1
         Flux              |       |     1 ||     1

Illustrated notes

Table legend:
 A = Kills in this place as a percentage of kills in the entire game.
 B = Kills by you in this place as a percentage of kills by you in the entire game.
 C = Kills by friends in this place as a percentage of kills by friends in the entire game.
 D = Other kills in this place as a percentage of other kills in the entire game.
 E = Experience gained in this place as a percentage of experience gained in the entire game.
 F = Experience gained in this place divided by the number of levels of this place that you have seen.
                   A       B       C       D       E      F
               +-------+-------+-------+-------+-------+----------------------
         Total | 100.0 | 100.0 |   N/A |   N/A | 100.0 |  97.3
       Dungeon | 100.0 | 100.0 |   N/A |   N/A | 100.0 |  97.3
               +-------+-------+-------+-------+-------+----------------------

Table legend: (Time is in decaauts)
 A = Elapsed time spent in this place.
 B = Non-inter-level travel time spent in this place.
 C = Inter-level travel time spent in this place.
 D = Time resting spent in this place.
 E = Time spent auto-exploring this place.
 F = Levels seen in this place.
 G = Mean time per level.
                   A        B        C        D        E       F      G
               +--------+--------+--------+--------+--------+-----+--------+
         Total |   2430 |   2349 |     81 |    194 |   1640 |   3 |  810.0 |
       Dungeon |   2430 |   2349 |     81 |    194 |   1640 |   3 |  810.0 |
               +--------+--------+--------+--------+--------+-----+--------+

Top non-repeatable levels by time:
     D:2: 1015 daAuts
     D:1: 812 daAuts
     D:3: 602 daAuts
